 Dungeon Crawl Stone Soup version 0.27-a0-401-gea03ee85fd (webtiles) character file.

Game seed: 2381534817689405935

5621 HoaS the Gouger (level 10, -4/49 HPs)
             Began as a Felid Fighter on Feb 21, 2021.
             Was an Elder of Cheibriados.
             Slain by a blink frog (6 damage)
             ... while petrified by a basilisk
             ... on level 3 of the Lair of Beasts.
             The game lasted 00:25:19 (13708 turns).

HoaS the Gouger (Felid Fighter)                    Turns: 13708, Time: 00:25:20

Health: -4/49      AC:  2    Str: 21    XL:     10   Next: 45%
Magic:  17/17      EV:  4    Int: 18    God:    Cheibriados [****..]
Gold:   625        SH:  0    Dex: 35    Spells: 9/9 levels left
                                        Lives:  0   Deaths: 3

rFire    . . .     SeeInvis +     - Unarmed
rCold    . . .     Faith    .   (shield unavailable)
rNeg     + + +     Spirit   .   (armour unavailable)
rPois    ∞         Reflect  .   (helmet unavailable)
rElec    .         Harm     .   (cloak unavailable)
rCorr    .         Rampage  .   (gloves unavailable)
Will     +....                  (boots unavailable)
Stlth    +++.......             g - amulet of magic regeneration
HPRegen  0.16/turn              t - +6 ring of dexterity
MPRegen  0.40/turn              n - +4 ring of slaying

@: petrified, very slow
A: very small, no armour, no weapons or thrown items, stealth, claws 1, fangs 3,
see invisible, speed 1, shaggy fur 2, sharp paws
a: Renounce Religion, Bend Time, Temporal Distortion, Slouch


You were on level 3 of the Lair of Beasts.
You worshipped Cheibriados.
Cheibriados was greatly pleased with you.
You visited 3 branches of the dungeon, and saw 13 of its levels.

You collected 625 gold pieces.

Inventory:

Jewellery
 e - a +6 ring of strength
 g - an amulet of magic regeneration (around neck)
 l - a +6 ring of intelligence
 n - a +4 ring of slaying (right paw)
 t - a +6 ring of dexterity (left paw)
 u - a ring of magical power
 x - a ring of flight
Wands
 r - a wand of acid (3)
 s - a wand of paralysis (6)
Scrolls
 c - a scroll of fear
 h - a scroll of identify
 i - 6 scrolls of blinking
 j - a scroll of amnesia
 m - 3 scrolls of fog
 p - 2 scrolls of teleportation
Potions
 a - 2 potions of might
 b - 4 potions of lignification
 d - 5 potions of curing
 k - a potion of magic
 o - 2 potions of brilliance
 q - a potion of ambrosia
 w - 3 potions of attraction


   Skills:
 + Level 9.3 Fighting
 + Level 11.8 Dodging
 * Level 12.7 Unarmed Combat
 + Level 8.0 Invocations


You had 9 spell levels left.
You didn't know any spells.
Your spell library contained the following spells:

 Spells                   Type           Power        Failure   Level
 Ice Form                 Ice/Tmut       0%           91%         4
 Metabolic Englaciation   Hex/Ice        0%           99%         5
 Freezing Cloud           Conj/Ice/Air   0%           100%        6
 Simulacrum               Ice/Necr       0%           100%        6
 Ozocubu's Refrigeration  Ice            0%           100%        7


Dungeon Overview and Level Annotations

Branches:
Dungeon (9/15)             Temple (1/1) D:5            Lair (3/6) D:8
 Shoals (0/4) Lair:2        Snake (0/4) Lair:2
    Orc: D:9-12

Altars:
Ashenzari
Cheibriados
Dithmenos
Elyvilon
Fedhas
Gozag
Hepliaklqana
Kikubaaqudgha
Makhleb
Nemelex Xobeh
Okawaru
Qazlal
Ru
Sif Muna
Trog
Uskayaw
Vehumet
Wu Jian
Xom
Yredelemnul
Zin
The Shining One

Annotations:
D:8 2 transporters, kae's ghost, novice DrTm


Innate Abilities, Weirdness & Mutations

You cannot wear armour.
You are incapable of wielding weapons or throwing items.
Your paws allow you to move quietly. (Stealth)
You have sharp claws.
You have razor-sharp teeth.
You have supernaturally acute eyesight. (SInv)
You cover ground quickly.
You are covered in thick fur. (AC +2)
Your sharp claws are effective at attacking unaware monsters.


Message History

HP restored.
Things that are here:
a yak corpse; a yak corpse You see here a yak corpse.
There is a stone staircase leading down here.
You climb downwards.
A blink frog comes into view.
There is a stone staircase leading up, spattered with blood here.
A blink frog is nearby!
A blink frog is nearby!
A blink frog comes into view.
The blink frog croaks. x2; The basilisk hisses angrily.
A blink frog comes into view.
The blink frog misses you. x2
The blink frog gives a loud, deep croak!
You scratch the blink frog. You claw the blink frog!
The blink frog is heavily wounded.
The blink frog hits you!
The blink frog blinks!
The blink frog hits you.
The blink frog blinks!
The basilisk gazes at you.
You are slowing down.
The blink frog blinks!
You have turned to stone.
The blink frog barely misses you.
The blink frog blinks!
The blink frog hits you!
The blink frog blinks!
The basilisk bites you! The blink frog hits you! The basilisk gazes at you.
A blink frog comes into view.
The blink frog hits you!
* * * LOW HITPOINT WARNING * * *
The blink frog blinks!
The basilisk bites you.
* * * LOW HITPOINT WARNING * * *
The blink frog gives a loud, deep croak!
The blink frog hits you!
* * * LOW HITPOINT WARNING * * *
The basilisk gazes at you. You resist with almost no effort.
The blink frog blinks!
The blink frog hits you!
You die...

#........P#..
......F...P.#
.............F@....###
................#....#.#
................###....##
.............####
##....## ....#....#####
##......# .......###
#..#...#### .#.#####
#####...#.# ## #.....###
##......#


You could see a basilisk and 4 blink frogs.

Vanquished Creatures
  Gastronok (Lair:2)
  2 hydras (Lair:2)
  Erica (Lair:2)
  2 black mambas
  3 cane toads
  A komodo dragon (Lair:2)
  A polar bear (Lair:2)
  A wyvern (Lair:2)
  22 yaks
  A basilisk (Lair:1)
  2 wargs
  6 nagas
  5 water moccasins
  3 orc warriors
  3 ogres
  10 wolves
  5 centaurs
  2 phantoms
  5 bullfrogs
  3 scorpions
  A bullfrog zombie (D:6)
  A howler monkey (D:5)
  2 jellies (D:9)
  2 centaur skeletons
  2 hounds
  3 orc priests
  A gnoll shaman (D:6)
  An iguana (D:9)
  5 orc wizards
  3 worker ants
  A hound skeleton (D:6)
  7 gnolls
  10 adders
  A shadow imp (D:6)
  4 white imps
  An ufetubus (D:7)
  An ooze (D:3)
  An adder zombie (D:8)
  An adder skeleton (D:6)
  5 worms
  4 dart slugs
  5 leopard geckos
  30 orcs
  A ball python (D:2)
  6 bats
  2 giant cockroaches
  6 goblins
  5 hobgoblins
  12 jackals
  3 kobolds
  2 quokkas
  2 frilled lizards
  A quokka skeleton (D:6)
  6 rats
217 creatures vanquished.

Vanquished Creatures (others)
  8 fungi
  32 plants
40 creatures vanquished.

Grand Total: 257 creatures vanquished

Notes
Turn   | Place    | Note
-------+----------+-------------------------------------------
     0 | D:1      | HoaS the Felid Fighter began the quest for the Orb.
     0 | D:1      | Reached XP level 1. HP: 10/10 MP: 2/2
   411 | D:1      | Reached XP level 2. HP: 5/14 MP: 3/3
  1071 | D:2      | Reached XP level 3. HP: 10/17 MP: 4/4
  1683 | D:2      | Reached XP level 4. HP: 21/21 MP: 5/5
  1728 | D:2      | Found a shimmering blue altar of Sif Muna.
  2178 | D:3      | Reached skill level 5 in Unarmed Combat
  2302 | D:2      | Reached skill level 5 in Dodging
  2763 | D:3      | Reached XP level 5. HP: 22/25 MP: 6/6
  3708 | D:4      | Gained mutation: You are covered in thick fur. (AC +2)
                  | [Felid growth]
  3708 | D:4      | Reached XP level 6. HP: 27/28 MP: 7/7
  3848 | D:4      | Reached skill level 6 in Unarmed Combat
  4238 | D:5      | Entered Level 5 of the Dungeon
  4557 | D:5      | Found a staircase to the Ecumenical Temple.
  4566 | Temple   | Entered the Ecumenical Temple
  4778 | Temple   | Became a worshipper of Cheibriados the Contemplative
  4971 | D:5      | Found a radiant altar of Vehumet.
  4979 | D:5      | Found a glowing silver altar of Zin.
  5147 | D:5      | Found a basalt altar of Yredelemnul.
  5149 | D:5      | Noticed a profane servitor
  5161 | D:5      | Found a glowing golden altar of the Shining One.
  5163 | D:5      | Noticed an angel
  5206 | D:6      | Reached XP level 7. HP: 33/33 MP: 8/8
  5254 | D:6      | Reached skill level 1 in Invocations
  5515 | D:6      | Reached * piety under Cheibriados
  5553 | D:6      | Reached skill level 7 in Unarmed Combat
  5964 | D:6      | Reached skill level 5 in Fighting
  6281 | D:6      | Found a blossoming altar of Fedhas.
  6957 | D:7      | Reached XP level 8. HP: 37/37 MP: 10/10
  7028 | D:8      | Found a staircase to the Lair.
  7390 | D:7      | Reached ** piety under Cheibriados
  7396 | D:7      | Reached skill level 8 in Unarmed Combat
  7717 | D:8      | Found a transporter.
  7717 | D:8      | Found a transporter.
  7724 | D:8      | Identified the +4 quarterstaff "Wetakoah" {antimagic,
                  | *Noise rElec rPois rF+}
  7724 | D:8      | Noticed a moth of wrath
  7725 | D:8      | Noticed kae's ghost (novice DrTm)
  7726 | D:8      | Found a bloodstained altar of Trog.
  7728 | D:8      | Noticed a cyclops
  9041 | D:9      | Reached XP level 9. HP: 38/41 MP: 11/13
  9191 | D:9      | Reached skill level 9 in Unarmed Combat
  9536 | Lair:1   | Entered Level 1 of the Lair of Beasts
  9610 | Lair:1   | Noticed a cane toad
  9622 | Lair:1   | Killed a cane toad
  9622 | Lair:1   | HP: 2/42 [poisoned by a cane toad]
  9931 | Lair:1   | Noticed a cane toad
  9941 | Lair:1   | Killed a cane toad
  9956 | Lair:1   | Reached *** piety under Cheibriados
  9957 | Lair:1   | Reached skill level 5 in Invocations
 10235 | Lair:1   | Noticed a black mamba
 10351 | Lair:1   | Reached skill level 10 in Unarmed Combat
 10389 | Lair:1   | Killed a black mamba
 10390 | Lair:1   | Reached XP level 10. HP: 47/47 MP: 15/15
 10614 | Lair:2   | Noticed an eight-headed hydra
 10627 | Lair:2   | Noticed a cane toad
 10630 | Lair:2   | Mangled by an eight-headed hydra
 10631 | Lair:2   | Reached XP level 9. HP: -8/43 MP: 13/14
 10631 | Lair:2   | Noticed a polar bear
 10643 | Lair:2   | Killed a polar bear
 10985 | Lair:2   | Reached skill level 10 in Dodging
 11168 | Lair:2   | Killed an eight-headed hydra
 11169 | Lair:2   | Reached skill level 11 in Unarmed Combat
 11169 | Lair:2   | Reached XP level 10. HP: 30/48 MP: 13/15
 11189 | Lair:2   | Noticed Gastronok
 11190 | Lair:2   | Killed from afar by Gastronok
 11191 | Lair:2   | Reached XP level 9. HP: -13/44 MP: 14/14
 11209 | Lair:2   | HP: 2/44 [Gastronok/the air (27)]
 11216 | Lair:2   | Killed Gastronok
 11533 | Lair:2   | Noticed Erica
 11545 | Lair:2   | Killed Erica
 11546 | Lair:2   | Reached XP level 10. HP: 49/49 MP: 16/16
 11573 | Lair:2   | Killed a cane toad
 11996 | Lair:2   | Reached **** piety under Cheibriados
 12003 | Lair:2   | Reached skill level 12 in Unarmed Combat
 12413 | Lair:2   | Found a staircase to the Shoals.
 12911 | Lair:2   | Found a staircase to the Snake Pit.
 13076 | Lair:2   | Reached XP level 11. HP: 41/53 MP: 17/17
 13186 | Lair:3   | Noticed an eight-headed hydra
 13212 | Lair:2   | Slain by an eight-headed hydra
 13213 | Lair:2   | Reached XP level 10. HP: 0/49 MP: 14/16
 13234 | Lair:2   | Killed an eight-headed hydra
 13397 | Lair:3   | Noticed a black mamba
 13401 | Lair:3   | Killed a black mamba
 13707 | Lair:3   | HP: 2/49 [blink frog (7)]
 13708 | Lair:3   | Slain by a blink frog

Illustrated notes

Levels and vault maps discovered:
D:1:      kilobyte_arrival_exit_the_forest, layout_rooms
D:2:      layout_basic, general_overflow_altar
D:3:      layout_loops_cross
D:4:      layout_loops_ring, hangedman_glass_teeth
D:5:      layout_rooms, grunt_temple_overflow_holy_war, minitemple,
          minmay_temple_entry_overgrown
D:6:      layout_loops_ring, fedhas_altar_4, kennysheep_another_room
D:7:      layout_cave_pools
D:8:      layout_rooms, erik_lair_orcish_takeover,
          gammafunk_ghost_wrathful_warriors
D:9:      layout_basic
Temple:   eino_temple_scatter_basement
Lair:1:   layout_regular_city
Lair:2:   layout_misc_corridors, minmay_shoals_entry_centaurs,
          minmay_snake_entry_guardpost_medium, uniq_gastronok, uniq_erica
Lair:3:   layout_hall_layers

Skill      XL: |  1  2  3  4  5  6  7  8  9 10 |
---------------+-------------------------------+-----
Unarmed Combat | 5 6 7 8 11 12 | 12.7
Dodging        | 5 6 7 8 10 11 | 11.8
Fighting       | 4 5 6 8 9 |  9.3
Invocations    | 2 4 7 8 |  8.0

Action                   |  1- 3 |  4- 6 |  7- 9 | 10-12 || total
-------------------------+-------+-------+-------+-------++-------
Melee: Unarmed           |    62 |   176 |   277 |   135 ||   650
       Bite              |     5 |    25 |    57 |    47 ||   134
       Punch             |     1 |     4 |    20 |    18 ||    43
Invok: Bend Time         |       |       |     4 |     6 ||    10
       Temporal Distorti |       |       |       |     1 ||     1
Evoke: Wand              |       |       |     3 |     1 ||     4
  Use: Scroll            |     5 |     5 |     7 |     3 ||    20
       Potion            |       |       |     4 |     1 ||     5
 Stab: Sleeping          |     4 |     1 |     5 |       ||    10
       Distracted        |       |       |     1 |       ||     1
Armor: Skin              |       |     7 |     5 |     1 ||    13
Dodge: Dodged            |    42 |   158 |   341 |   234 ||   775

Table legend: (Time is in decaauts)
 A = Elapsed time spent in this place.
 B = Non-inter-level travel time spent in this place.
 C = Inter-level travel time spent in this place.
 D = Time resting spent in this place.
 E = Time spent auto-exploring this place.
 F = Levels seen in this place.
 G = Mean time per level.
                   A        B        C        D        E       F      G
               +--------+--------+--------+--------+--------+-----+--------+
         Total |  14281 |  13760 |    521 |   5568 |   6224 |  13 | 1098.5 |
       Dungeon |   9438 |   9028 |    410 |   3208 |   4503 |   9 | 1048.7 |
        Temple |    183 |    153 |     30 |      0 |    151 |   1 |  183.0 |
          Lair |   4659 |   4579 |     80 |   2359 |   1569 |   3 | 1553.0 |
               +--------+--------+--------+--------+--------+-----+--------+

Top non-repeatable levels by time:
  Lair:2: 2752 daAuts
  Lair:1: 1789 daAuts
     D:9: 1381 daAuts
     D:7: 1248 daAuts
     D:6: 1109 daAuts
     D:8: 1039 daAuts
     D:2: 1005 daAuts
     D:5: 962 daAuts
     D:3: 936 daAuts
     D:1: 882 daAuts
     D:4: 874 daAuts
  Temple: 183 daAuts
  Lair:3: 118 daAuts
